 Dungeon Crawl Stone Soup version 0.25.1-1-g288607f5aa (webtiles) character file.

Game seed: 4193922608906394220

177 protoss039 the Magician (level 5, 0/28 HPs)
             Began as a Deep Elf Earth Elementalist on July 21, 2020.
             Slain by a hound (3 damage)
             ... on level 4 of the Dungeon.
             The game lasted 00:15:41 (3700 turns).

protoss039 the Magician (DEEE)                      Turns: 3700, Time: 00:15:42

Health: 0/28       AC:  3    Str:  5    XL:     5   Next: 31%
Magic:  3/14       EV: 13    Int: 21    God:
Gold:   228        SH:  0    Dex: 15    Spells: 4/14 levels left

rFire    + . .     SeeInvis .   e - +0 dagger
rCold    . . .     Gourm    .   (no shield)
rNeg     . . .     Faith    .   c - +0 robe
rPois    .         Spirit   .   (no helmet)
rElec    .         Reflect  .   (no cloak)
rCorr    .         Harm     .   (no gloves)
MR       .....                  i - +0 pair of boots
Stlth    ++........             l - amulet of magic regeneration
HPRegen  0.09/turn              o - ring of protection from fire
MPRegen  0.39/turn              (no ring)

@: very slightly contaminated
A: no striking features
a: no special abilities


You were on level 4 of the Dungeon.
You were hungry.

You visited 1 branch of the dungeon, and saw 4 of its levels.

You collected 228 gold pieces.

Inventory:

Hand Weapons
 e - a +0 dagger (weapon)
Missiles
 b - 62 stones (quivered)
Armour
 c - a +0 robe (worn)
 i - a +0 pair of boots (worn)
 k - a +0 leather armour
Jewellery
 l - an amulet of magic regeneration (around neck)
 o - a ring of protection from fire (left hand)
Scrolls
 a - a scroll of blinking
 j - a scroll of amnesia
 p - a scroll of remove curse
 q - a scroll of enchant armour
 s - a scroll of teleportation
Potions
 f - a potion of might {unknown}
 h - 2 potions of flight {unknown}
 r - a potion of lignification {unknown}
 u - a potion of stabbing {unknown}
Comestibles
 d - 2 rations
 g - 3 chunks of flesh


   Skills:
 - Level 3.0 Dodging
 - Level 3.0 Stealth
 + Level 5.0 Spellcasting
 + Level 0.8 Conjurations
 - Level 2.0 Transmutations
 + Level 4.8 Earth Magic


You had 4 spell levels left.
You knew the following spells:

 Your Spells              Type           Power        Failure   Level  Hunger
a - Sandblast             Erth           ####..       1%          1    None
b - Passwall              Tmut/Erth      ###.....     4%          2    None
c - Stone Arrow           Conj/Erth      ###...       10%         3    ##.....
d - Petrify               Tmut/Erth      ###.....     26%         4    ####...

Your spell library contained the following spells:

 Spells                   Type           Power        Failure   Level  Hunger
 Lee's Rapid Deconstruct  Erth           ####......   38%         5    #####..


Dungeon Overview and Level Annotations

Branches:
Dungeon (4/15)
 Temple: D:4-7

Altars:
Kikubaaqudgha
Okawaru
Wu Jian


Message History

Confirm with . or Enter, or press ? or * to list all spells.
Aiming: Sandblast (safe; 1% risk of failure)
Press: ? - help, Shift-Dir - straight line, f/p - hound
Aim: a hound The blast of sand hits the hound!
The hound is heavily wounded.
b - 63 stones The hound misses you.
The hound bites you.
* * * LOW HITPOINT WARNING * * *
Casting: Sandblast (safe; 1% risk of failure)
Confirm with . or Enter, or press ? or * to list all spells.
Aiming: Sandblast (safe; 1% risk of failure)
Press: ? - help, Shift-Dir - straight line, f/p - hound
Aim: a hound (heavily wounded)
The blast of sand hits the hound!
The hound is almost dead.
b - 62 stones The hound stops to sniff the ground.
The hound bites you.
You die...

#.###.##.##)####.....
#..##.......o....#
#####............##### ###
........####.....# ..# #######.#
####.o# #.. #.# #..# #.# # #.#
##.#.## #.# #.##.## #.###h# ###.#
#.#...#####.#@## #....
#.............###### ##.###
###...######.......# #..# #
##.#######..####.# #..###
#...........# #.######..<..
##.###..#######..####........##.#
........#............##########)#
..........##########............#
########### ## ###########


You could see a hound.

Vanquished Creatures
  An ogre (D:4)
  2 adders (D:3)
  2 oozes
  2 worms
  2 dart slugs
  2 leopard geckos (D:2)
  3 orcs (D:4)
  8 bats
  3 giant cockroaches
  7 goblins
  5 hobgoblins
  2 quokkas
  2 ball pythons (D:2)
  7 frilled lizards
  4 kobolds
  7 rats
59 creatures vanquished.

Notes
Turn   | Place    | Note
-------+----------+-------------------------------------------
     0 | D:1      | protoss039 the Deep Elf Earth Elementalist began the quest
                  | for the Orb.
     0 | D:1      | Reached XP level 1. HP: 10/10 MP: 6/6
   854 | D:1      | Reached XP level 2. HP: 15/15 MP: 5/8
  1494 | D:1      | Learned a level 2 spell: Passwall
  1533 | D:2      | Found an iron altar of Okawaru.
  1697 | D:2      | Reached XP level 3. HP: 19/19 MP: 6/9
  2565 | D:2      | Found an ancient bone altar of Kikubaaqudgha.
  2604 | D:2      | Learned a level 3 spell: Stone Arrow
  2695 | D:3      | Reached skill level 4 in Spellcasting
  3127 | D:3      | Reached XP level 4. HP: 20/24 MP: 1/12
  3330 | D:3      | Found an ornate altar of the Wu Jian Council.
  3550 | D:3      | Learned a level 4 spell: Petrify
  3683 | D:4      | Noticed an ogre
  3690 | D:4      | Killed an ogre
  3690 | D:4      | Reached skill level 5 in Spellcasting
  3690 | D:4      | Reached XP level 5. HP: 28/28 MP: 1/14
  3700 | D:4      | Slain by a hound

Illustrated notes

Levels and vault maps discovered:
D:1:      dpeg_arrival_shrine, layout_basic, serial_forest,
          infiniplex_forest_clump_long, infiniplex_forest_straight_3,
          infiniplex_forest_lined_3_way, infiniplex_forest_lined_room_2,
          infiniplex_forest_lined_corner
D:2:      layout_loops_ring, okawaru_metal_pillars_3,
          nicolae_overflow_hidden_temple
D:3:      layout_basic, lemuel_round_altar, corexii_item_surrounded_by_moat,
          minmay_fractal_squares_diagonal_5
D:4:      layout_loops_ring, serial_forest, infiniplex_forest_lined_2,
          infiniplex_forest_lined_room_3, infiniplex_forest_straight_2,
          infiniplex_forest_zigzag_1, infiniplex_forest_zigzag_1,
          infiniplex_forest_straight_1, infiniplex_forest_clump_tiny,
          first_ration, uniq_menkaure

Skill      XL: |  1  2  3  4 |
---------------+-------------+-----
Dodging        | 3 |  3.0
Stealth        | 3 |  3.0
Earth Magic    | 4 |  4.8
Spellcasting   | 4 5 |  5.0
Transmutations | 2 |  2.0
Conjurations   | |  0.8

Action                   |  1- 3 |  4- 6 || total
-------------------------+-------+-------++-------
Melee: Dagger            |    81 |     1 ||    82
       Unarmed           |     2 |       ||     2
 Cast: Sandblast         |    53 |     6 ||    59
       Stone Arrow       |     7 |     9 ||    16
  Use: Scroll            |       |     7 ||     7
 Stab: Sleeping          |     7 |       ||     7
  Eat: Chunk             |     7 |     2 ||     9
Armor: Robe              |    25 |       ||    25
Dodge: Dodged            |   107 |     4 ||   111
